 Dungeon Crawl Stone Soup version 0.31-a0-236-g9a0961fb85 (webtiles) character file.

Game seed: 13424919308786536083

7186 qw the Skirmisher (level 10, -4/100 HPs)
             Began as a Minotaur Hexslinger on July 10, 2023.
             Was a Priest of Okawaru.
             Slain by a death yak (20 damage)
             ... on level 10 of the Dungeon.
             The game lasted 00:03:34 (6649 turns).

qw the Skirmisher (Minotaur Hexslinger)             Turns: 6649, Time: 00:03:35

Health: -4/100     AC: 10    Str: 14    XL:     10   Next: 87%
Magic:  12/12      EV: 16    Int: 10    God:    Okawaru [***...]
Gold:   1391       SH:  0    Dex: 21    Spells: 10/11 levels left

rFire   . . .        r - +0 orcbow
rCold   + + .        (shield currently unavailable)
rNeg    . . .        h - +1 leather armour of Guzyas {rC+ Dex+5}
rPois   .            (helmet restricted)
rElec   .            l - +2 cloak
rCorr   .            (no gloves)
SInv    .            d - +2 pair of boots
Will    .....        e - amulet of regeneration
Stlth   ++           n - +4 ring of slaying {mikee}
HPRegen 1.16/turn    (no ring)
MPRegen 0.13/turn

%: no passive effects
@: about to teleport
A: horns 2, retaliatory headbutt, hooves 1, cold resistance 1, robust 1
a: Renounce Religion, Heroism


You were on level 10 of the Dungeon.
You worshipped Okawaru.
Okawaru was most pleased with you.
You visited 2 branches of the dungeon, and saw 11 of its levels.
You also visited: Ossuary.

You collected 1509 gold pieces.
You spent 118 gold pieces at shops.


Innate Abilities, Weirdness & Mutations

You have a pair of horns on your head.
You reflexively headbutt those who attack you in melee.
You have large cloven feet.
Your flesh is cold resistant. (rC+)
You are robust. (+10% HP)


   Skills:
 - Level 9.0 Fighting
 + Level 13.8 Ranged Weapons
 - Level 3.1 Armour
 - Level 7.2 Dodging
 - Level 1.0 Spellcasting
 - Level 2.0 Hexes
 - Level 4.0 Invocations


You had 10 spell levels left.
You knew the following spells:

 Your Spells              Type           Power      Damage    Failure   Level
a - Slow                  Hex            16%        N/A       19%         1

Your spell library contained the following spells:

 Spells                   Type           Power      Damage    Failure   Level
 Inner Flame              Hex/Fire       2%         N/A       63%         3
 Portal Projectile        Hex/Tloc       4%         N/A       63%         3
 Cause Fear               Hex            2%         N/A       88%         4

Inventory:

Hand Weapons
 r - a +0 orcbow (weapon)
Armour
 d - a +2 pair of boots (worn)
 h - the +1 leather armour of Guzyas (worn) {rC+ Dex+5}
   (You found it on level 7 of the Dungeon)

   Dex:       It affects your dexterity (+5).
   rC:        It protects you from cold.
 l - a +2 cloak (worn)
Jewellery
 e - an amulet of regeneration (around neck)
 n - a +4 ring of slaying (left hand) {mikee}
Wands
 m - a wand of digging (4)
Scrolls
 f - 4 scrolls of identify
 i - 4 scrolls of teleportation
Potions
 a - a potion of might
 c - a potion of mutation
 g - a potion of enlightenment
 j - a potion of haste
 o - a potion of curing
 p - a potion of magic
 q - a potion of resistance

Dungeon Overview and Level Annotations

Branches:
Dungeon (10/15)            Temple (1/1) D:7            Lair (0/5) D:10
Ossuary (visited)
    Orc: D:9-12

Altars:
Ashenzari
Cheibriados
Dithmenos
Elyvilon
Fedhas
Gozag
Hepliaklqana
Kikubaaqudgha
Makhleb
Nemelex Xobeh
Okawaru
Qazlal
Ru
Sif Muna
Trog
Uskayaw
Vehumet
Yredelemnul
Zin
The Shining One

Shops:
D:2 =   D:3 ?   D:5 *

Annotations:
D:3 2 runed translucent doors, qw's ghost, amateur GrHs
D:6 1 runed translucent door


Message History

The death yak closely misses you. The death yak completely misses you.
You shoot an arrow.
The arrow hits the death yak but does no damage.
The death yak is moderately wounded.
You shoot an arrow.
The arrow hits the death yak but does no damage.
The death yak is moderately wounded.
The death yak gores you but does no damage.
The death yak completely misses you.
You shoot an arrow. The arrow hits the death yak.
The death yak is moderately wounded.
The death yak gores you but does no damage.
The death yak gores you. The quokka barely misses you.
You shoot an arrow.
The arrow hits the death yak but does no damage.
The death yak is moderately wounded.
The death yak barely misses you. You furiously retaliate!
You headbutt the death yak! You shoot an arrow.
The arrow barely misses the death yak.
The quokka barely misses you. You furiously retaliate!
You headbutt the quokka!
You kill the quokka!
Okawaru accepts your kill.
You shoot an arrow. The arrow hits the death yak.
The death yak is heavily wounded.
The death yak gores you!
The death yak gores you but does no damage.
You shoot an arrow.
The arrow hits the death yak but does no damage.
The death yak is heavily wounded.
The death yak completely misses you. You furiously retaliate!
You headbutt the death yak! The death yak gores you!! The death yak gores you!
6648 ||| READING 5 scrolls of teleportation.
As you read the scroll of teleportation, it crumbles to dust.
You feel strangely unstable.
You feel like a meek peon again.
The death yak gores you. x2; The death yak barely misses you.
6649 ||| DRINKING potion of heal wounds.
You feel much better. The death yak gores you! The death yak gores you!!
You die...

#.. ....... ###..
....... ....
....... ... ..... .
#.. ....#.. ## #..
..#.... .# #
#..#Y...>.. .##....
#..@Y...... R....#
#..Y%...... .....#
.# #..#.......
.##..#
#.####..#.........
.##..#
#.......#........#
.##..#
#..............%.##
.##..#
#.................#
.##..#
#..###...##.......#
.##..####..#
#...##.......#


You could see 3 death yaks.

Vanquished Creatures
  A gargoyle (D:10)
  Psyche (D:8)
  2 trolls
  3 hornets
  Sigmund (D:6)
  10 yaks
  7 steam dragons
  A vampire mosquito (D:10)
  A water moccasin (D:8)
  A black bear (D:6)
  An ice beast (D:7)
  An orc warrior (D:9)
  2 ogres
  3 centaurs (D:9)
  A kobold brigand (D:6)
  4 bullfrogs
  A gnoll sergeant (D:7)
  13 wights (D:7)
  2 howler monkeys
  3 centaur zombies (Ossuary)
  A human zombie (Ossuary)
  5 hounds
  7 orc priests
  A gnoll bouda (D:8)
  An iguana (D:7)
  2 sleepcaps
  8 orc wizards
  3 mummies (Ossuary)
  7 gnolls
  A river rat (D:10)
  6 adders
  A shadow imp (D:7)
  An ufetubus (D:6)
  3 worms
  A dart slug (D:1)
  19 orcs
  7 endoplasms
  4 giant cockroaches
  A gnoll zombie (Ossuary)
  9 goblins
  8 hobgoblins
  3 jackals (D:3)
  2 quokkas
  3 ball pythons
  3 bats
  3 frilled lizards
  2 goblin zombies (Ossuary)
  A jackal skeleton (D:6)
  12 kobolds
  An orc zombie (Ossuary)
  4 rats
  A butterfly (D:7)
190 creatures vanquished.

Vanquished Creatures (others)
  A yak (D:10)
  An orc warrior (D:10)
  A howler monkey (D:10)
  An orc priest (D:10)
4 creatures vanquished.

Grand Total: 194 creatures vanquished

Notes
Turn   | Place    | Note
-------+----------+-------------------------------------------
     0 | D:1      | qw the Minotaur Hexslinger began the quest for the Orb.
     0 | D:1      | Reached XP level 1. HP: 16/16 MP: 1/1
     0 | D:1      | 0 ||| qw: Version: 0.3-a-52-g30416fa
     0 | D:1      | 0 ||| qw: Game counter: 4939
     0 | D:1      | 0 ||| qw: Melee chars always use a shield: true
     0 | D:1      | 0 ||| qw: God list: Okawaru
     0 | D:1      | 0 ||| qw: Allow faded altars: false
     0 | D:1      | 0 ||| qw: Do Orc after clearing Dungeon:15 true
     0 | D:1      | 0 ||| qw: Do second Lair branch before Depths: true
     0 | D:1      | 0 ||| qw: Lair rune preference: random
     0 | D:1      | 0 ||| qw: Goals: Normal
     0 | D:1      | 0 ||| PLANNING D:1-11
   216 | D:1      | Reached skill level 3 in Ranged Weapons
   216 | D:1      | Reached XP level 2. HP: 19/23 MP: 2/2
   354 | D:1      | Found a faded altar of an unknown god.
   592 | D:1      | 592 ||| UPGRADING to +0 troll leather armour.
   602 | D:1      | 602 ||| DROPPING +0 robe.
   603 | D:1      | 603 ||| READING 2 scrolls labelled VETWAI ZASKIER.
   604 | D:1      | 604 ||| READING scroll of brand weapon.
   604 | D:1      | 604 ||| BRANDING +1 sling of flaming.
   605 | D:1      | 605 ||| READING 3 scrolls labelled ALIENI JUABBUDD.
   606 | D:1      | 606 ||| READING scroll labelled YNOS PAEXEIX.
   607 | D:1      | 607 ||| READING 2 scrolls labelled SUTIOCLU GILU.
   611 | D:1      | 611 ||| READING 2 scrolls of identify.
   611 | D:1      | 611 ||| IDENTIFYING white potion
   612 | D:1      | 612 ||| DROPPING scroll of poison.
   613 | D:1      | 613 ||| DROPPING potion of ambrosia.
   637 | D:2      | 637 ||| STAIRDANCE
   725 | D:2      | Found Agowkal's Jewellery Shop.
   734 | D:2      | 734 ||| SHOPLISTING +4 ring of protection (396 gold, have
                  | 88).
   734 | D:2      | 734 ||| SHOPLISTING ring "Siolugom" {rPois Will+} (358
                  | gold, have 88).
   734 | D:2      | 734 ||| SHOPLISTING ring of Xuymatov {AC+4 Str+3} (542
                  | gold, have 88).
   734 | D:2      | 734 ||| SHOPLISTING ring of ice (275 gold, have 88).
   734 | D:2      | 734 ||| SHOPLISTING ring of willpower (275 gold, have 88).
  1094 | D:2      | Reached XP level 3. HP: 28/29 MP: 3/3
  1199 | D:2      | 1199 ||| READING scroll labelled ZITUFECRUN.
  1200 | D:2      | 1200 ||| DRINKING 2 fizzy red potions.
  1200 | D:2      | Gained mutation: You have large cloven feet. [potion of
                  | mutation]
  1200 | D:2      | Gained mutation: Your flesh is cold resistant. (rC+)
                  | [potion of mutation]
  1200 | D:2      | Gained mutation: You are robust. (+10% HP) [potion of
                  | mutation]
  1202 | D:2      | 1202 ||| DRINKING 2 silvery potions.
  1354 | D:3      | Found Kavvampi's Magic Scroll Boutique.
  1366 | D:3      | 1366 ||| BUYING 2 scrolls of teleportation (72 gold).
  1366 | D:3      | Bought 2 scrolls of teleportation for 72 gold pieces
  1366 | D:3      | 1366 ||| BUYING scroll of identify (24 gold).
  1366 | D:3      | Bought a scroll of identify for 24 gold pieces
  1366 | D:3      | 1366 ||| SHOPLISTING scroll of identify (24 gold, have 22).
  1366 | D:3      | 1366 ||| SHOPLISTING scroll of teleportation (36 gold, have
                  | 22).
  1368 | D:3      | Reached skill level 4 in Ranged Weapons
  1451 | D:3      | Found a hazy altar of Hepliaklqana.
  1514 | D:3      | Reached XP level 4. HP: 25/39 MP: 4/4
  1530 | D:3      | Found a large runed translucent door.
  1530 | D:3      | Found a large runed translucent door.
  1536 | D:3      | Noticed qw's ghost (amateur GrHs)
  1650 | D:3      | Reached skill level 5 in Ranged Weapons
  1961 | D:3      | 1961 ||| READING scroll labelled IBBIFR GIVELO.
  1962 | D:3      | 1962 ||| DRINKING 2 sedimented sapphire potions.
  1963 | D:3      | 1963 ||| READING 3 scrolls of identify.
  1963 | D:3      | 1963 ||| IDENTIFYING green potion
  1964 | D:3      | 1964 ||| READING 2 scrolls of identify.
  1964 | D:3      | 1964 ||| IDENTIFYING fizzy blue potion
  1965 | D:3      | 1965 ||| DROPPING potion of brilliance.
  2000 | D:4      | Reached skill level 3 in Fighting
  2171 | D:4      | Reached XP level 5. HP: 49/49 MP: 5/5
  2265 | D:4      | Found a sparkling altar of Nemelex Xobeh.
  2534 | D:4      | You fall into a shaft and drop 2 floors!
  2645 | D:6      | 2645 ||| DRINKING 2 fuming green potions.
  2646 | D:6      | 2646 ||| READING 2 scrolls of identify.
  2646 | D:6      | 2646 ||| IDENTIFYING metallic cyan potion
  2647 | D:6      | 2647 ||| DROPPING potion of berserk rage.
  2648 | D:6      | 2648 ||| DROPPING potion of invisibility.
  2657 | D:5      | Entered Level 5 of the Dungeon
  2658 | D:5      | Found Poetyog's General Store.
  2661 | D:5      | 2661 ||| BUYING scroll of identify (22 gold).
  2661 | D:5      | Bought a scroll of identify for 22 gold pieces
  2668 | D:5      | Reached skill level 6 in Ranged Weapons
  2668 | D:5      | Reached XP level 6. HP: 55/56 MP: 6/6
  2831 | D:5      | 2831 ||| UPGRADING to +2 pair of boots.
  2836 | D:5      | 2836 ||| UPGRADING to +1 cloak.
  2841 | D:5      | 2841 ||| READING 3 scrolls of identify.
  2841 | D:5      | 2841 ||| IDENTIFYING sapphire potion
  2842 | D:5      | 2842 ||| READING 2 scrolls of identify.
  2842 | D:5      | 2842 ||| IDENTIFYING cyan potion
  2843 | D:5      | 2843 ||| DROPPING potion of lignification.
  2844 | D:5      | 2844 ||| DROPPING potion of magic.
  2848 | D:5      | 2848 ||| FLEEEEING.
  2849 | D:5      | 2849 ||| FLEEEEING.
  2850 | D:5      | 2850 ||| FLEEEEING.
  2851 | D:5      | 2851 ||| FLEEEEING.
  2852 | D:5      | 2852 ||| STAIRDANCE
  3167 | D:5      | Reached skill level 1 in Armour
  3406 | D:5      | 3406 ||| READING scroll labelled LUTWUQ ROSYL.
  3407 | D:5      | 3407 ||| READING scroll labelled DEFUIW CYJEY.
  3551 | D:6      | Noticed Sigmund
  3561 | D:6      | Killed Sigmund
  3575 | D:6      | Reached XP level 7. HP: 67/67 MP: 7/7
  3660 | D:6      | Found a runed translucent door.
  3660 | D:6      | Noticed a human
  3702 | D:6      | Found a basalt altar of Yredelemnul.
  3710 | D:6      | Reached skill level 7 in Ranged Weapons
  3822 | D:6      | Reached skill level 8 in Ranged Weapons
  3836 | D:6      | 3836 ||| READING scroll labelled EKYQUPP GUBLU.
  3837 | D:6      | 3837 ||| READING 3 scrolls of identify.
  3837 | D:6      | 3837 ||| IDENTIFYING emerald potion
  3838 | D:6      | 3838 ||| READING 2 scrolls of identify.
  3838 | D:6      | 3838 ||| IDENTIFYING bubbling coppery potion
  3906 | D:7      | 3906 ||| Stepping ~*~*~tactically~*~*~ (outnumbered).
  3920 | D:7      | 3920 ||| DRINKING potion of curing.
  3920 | D:7      | 3920 ||| (to cure confusion)
  3948 | D:7      | 3948 ||| FLEEEEING.
  3954 | D:7      | 3954 ||| STAIRDANCE
  4020 | D:7      | Reached skill level 3 in Dodging
  4030 | D:7      | Found a staircase to the Ecumenical Temple.
  4031 | D:7      | 4031 ||| PLANNING TEMPLE
  4031 | D:7      | 4031 ||| READING scroll labelled GUPPUZ SAXAAN.
  4071 | Temple   | Entered the Ecumenical Temple
  4072 | Temple   | 4072 ||| PLANNING OKAWARU WORSHIP
  4083 | Temple   | Became a worshipper of Warmaster Okawaru
  4084 | Temple   | 4084 ||| PLANNING D:1-11
  4138 | D:7      | Reached XP level 8. HP: 73/75 MP: 8/8
  4254 | D:7      | Reached skill level 9 in Ranged Weapons
  4257 | D:7      | Reached skill level 6 in Fighting
  4281 | D:7      | Noticed a hornet
  4292 | D:7      | Killed a hornet
  4293 | D:7      | Reached skill level 10 in Ranged Weapons
  4327 | D:7      | 4327 ||| READING scroll of enchant armour.
  4327 | D:7      | 4327 ||| ENCHANTING +1 cloak.
  4344 | D:7      | 4344 ||| Stepping ~*~*~tactically~*~*~ (outnumbered).
  4346 | D:7      | 4346 ||| Stepping ~*~*~tactically~*~*~ (outnumbered).
  4349 | D:7      | Reached * piety under Okawaru
  4359 | D:7      | 4359 ||| INVOKING Heroism.
  4415 | D:7      | Identified the +1 leather armour of Guzyas {rC+ Dex+5}
  4443 | D:7      | Reached skill level 1 in Invocations
  4449 | D:7      | 4449 ||| INVOKING Heroism.
  4549 | D:7      | Reached XP level 9. HP: 84/86 MP: 9/9
  4740 | D:7      | Found a hide-covered altar of Uskayaw.
  4746 | D:7      | 4746 ||| UPGRADING to +1 leather armour of Guzyas {rC+
                  | Dex+5}.
  4756 | D:7      | 4756 ||| DROPPING +0 troll leather armour.
  4757 | D:7      | 4757 ||| READING scroll labelled LAMOWEQ GITIBB.
  4804 | D:8      | 4804 ||| PLANNING OSSUARY
  4813 | D:8      | 4813 ||| STAIRDANCE
  4816 | D:7      | 4816 ||| INVOKING Heroism.
  4819 | D:7      | Reached skill level 3 in Invocations
  5034 | D:8      | Found a sand-covered staircase.
  5035 | D:8      | 5035 ||| UPGRADING to amulet of regeneration.
  5043 | Ossuary  | Entered an ossuary
  5068 | Ossuary  | 5068 ||| READING scroll of enchant weapon.
  5068 | Ossuary  | 5068 ||| ENCHANTING +2 sling of draining.
  5218 | Ossuary  | 5218 ||| READING scroll labelled BODDOFRUOFO.
  5218 | Ossuary  | Identified a scroll of acquirement
  5218 | Ossuary  | 5218 ||| ACQUIRING 923 gold pieces
  5218 | Ossuary  | Acquired 923 gold pieces
  5220 | Ossuary  | 5220 ||| READING scroll labelled HOGACE GETOIL.
  5236 | D:8      | 5236 ||| PLANNING D:1-11
  5275 | D:8      | 5275 ||| INVOKING Heroism.
  5279 | D:8      | 5279 ||| Stepping ~*~*~tactically~*~*~ (cloud).
  5291 | D:8      | Reached skill level 11 in Ranged Weapons
  5301 | D:8      | 5301 ||| READING scroll of enchant weapon.
  5301 | D:8      | 5301 ||| ENCHANTING +3 sling of draining.
  5353 | D:8      | 5353 ||| INVOKING Heroism.
  5363 | D:8      | 5363 ||| Stepping ~*~*~tactically~*~*~ (cloud).
  5404 | D:8      | 5404 ||| INVOKING Heroism.
  5414 | D:8      | Reached skill level 6 in Dodging
  5443 | D:8      | Noticed Psyche
  5444 | D:8      | 5444 ||| INVOKING Heroism.
  5445 | D:8      | 5445 ||| Stepping ~*~*~tactically~*~*~ (outnumbered).
  5451 | D:8      | Killed Psyche
  5457 | D:8      | Reached ** piety under Okawaru
  5562 | D:8      | 5562 ||| Stepping ~*~*~tactically~*~*~ (outnumbered).
  5566 | D:8      | 5566 ||| INVOKING Heroism.
  5651 | D:8      | 5651 ||| DROPPING +2 pair of boots.
  5652 | D:8      | 5652 ||| UPGRADING to +4 ring of slaying {mikee}.
  5653 | D:8      | 5653 ||| READING 2 scrolls of identify.
  5653 | D:8      | 5653 ||| IDENTIFYING black potion
  5654 | D:8      | 5654 ||| DROPPING potion of attraction.
  5697 | D:9      | Found a sacrificial altar of Ru.
  5706 | D:9      | 5706 ||| INVOKING Heroism.
  5710 | D:9      | 5710 ||| Stepping ~*~*~tactically~*~*~ (cloud).
  5712 | D:9      | Reached skill level 12 in Ranged Weapons
  5722 | D:9      | Reached XP level 10. HP: 75/94 MP: 10/12
  5773 | D:9      | 5773 ||| INVOKING Heroism.
  5808 | D:9      | 5808 ||| INVOKING Heroism.
  5860 | D:9      | 5860 ||| INVOKING Heroism.
  5925 | D:9      | 5925 ||| SWAPPING to +0 orcbow.
  5929 | D:9      | 5929 ||| DROPPING +0 shortbow.
  5930 | D:9      | 5930 ||| DROPPING +4 sling of draining.
  5984 | D:9      | Reached skill level 13 in Ranged Weapons
  6071 | D:9      | Reached skill level 9 in Fighting
  6191 | D:9      | 6191 ||| INVOKING Heroism.
  6251 | D:9      | Found a flagged portal.
  6397 | D:9      | 6397 ||| READING 5 scrolls of identify.
  6397 | D:9      | 6397 ||| IDENTIFYING viscous inky potion
  6424 | D:10     | Entered Level 10 of the Dungeon
  6450 | D:10     | Reached *** piety under Okawaru
  6456 | D:10     | Reached skill level 3 in Armour
  6466 | D:10     | 6466 ||| FLEEEEING.
  6467 | D:10     | 6467 ||| FLEEEEING.
  6477 | D:10     | Noticed a gargoyle
  6485 | D:10     | Killed a gargoyle
  6491 | D:10     | 6491 ||| INVOKING Heroism.
  6624 | D:10     | 6624 ||| INVOKING Heroism.
  6632 | D:10     | HP: 20/100 [efreet/+3 scimitar of flaming (7)]
  6633 | D:10     | 6633 ||| READING 6 scrolls of teleportation.
  6634 | D:10     | 6634 ||| DRINKING 3 potions of heal wounds.
  6635 | D:10     | 6635 ||| DRINKING 2 potions of heal wounds.
  6635 | D:10     | Found a staircase to the Lair.
  6635 | D:10     | Noticed a death yak
  6635 | D:10     | Noticed a death yak
  6635 | D:10     | Noticed a death yak
  6647 | D:10     | HP: 16/100 [death yak (18)]
  6647 | D:10     | HP: 3/100 [death yak (13)]
  6648 | D:10     | 6648 ||| READING 5 scrolls of teleportation.
  6648 | D:10     | HP: 1/100 [death yak (1)]
  6649 | D:10     | 6649 ||| DRINKING potion of heal wounds.
  6649 | D:10     | Slain by a death yak

Levels and vault maps discovered:
D:1:      ebering_trefoil_3fold, layout_basic, basic_ecumenical_altar,
          minmay_ruptured
D:2:      layout_basic, serial_shops, shop, grunt_decor_cap
D:3:      layout_basic, nicolae_hepliaklqana_hippocampus, serial_shops,
          shop_statue, ebering_ghost_disaster_area
D:4:      layout_basic, kennysheep_mini_moat, serial_bayou_crossing
D:5:      layout_loops_ring, serial_shops, nicolae_shop_statue_plus
D:6:      layout_loops_ring, dk_yredelemnul_ordeal, uniq_sigmund
D:7:      layout_cave_pools, mainiacjoe_overflow_alcove_2,
          minmay_temple_entry_butterflies, chequers_serial_rivers_micro_d
D:8:      layout_cave_pools, enter_ossuary_5, uniq_psyche
D:9:      layout_basic, nicolae_ru_awakened_eye, enter_bailey_3
D:10:     layout_long_grid, pf_just_have_faith, xom_confusion_cloud,
          dpeg_lair_monsters, erik_orc_1, serial_shops, nicolae_lakefront_shop,
          dk_noncrumbling_2, nzn_sisyphean_effort
Temple:   minmay_freezing_vapour_temple

Skill      XL: |  1  2  3  4  5  6  7  8  9 10 |
---------------+-------------------------------+-----
Ranged Weapons | 3 4 5 6 8 10 12 13 | 13.8
Fighting       | 2 3 5 7 9 |  9.0
Armour         | 1 2 3 |  3.1
Dodging        | 3 6 7 |  7.2
Invocations    | 2 4 |  4.0
Spellcasting   | |  1.0
Hexes          | |  2.0

Action                     |  1- 3 |  4- 6 |  7- 9 | 10-12 || total
---------------------------+-------+-------+-------+-------++-------
   Fire: Sling             |   104 |   111 |   382 |    41 ||   638
         Orcbow            |       |       |       |   138 ||   138
 Invoke: Heroism           |       |       |     9 |     6 ||    15
    Use: Scroll            |     7 |     8 |    11 |     3 ||    29
         Potion            |     2 |     2 |     1 |     3 ||     8
 Armour: Robe              |     1 |       |       |       ||     1
         Troll leather arm |     1 |    15 |    79 |       ||    95
         Leather armour    |       |       |    27 |    11 ||    38
  Dodge: Dodged            |    11 |    33 |   151 |    56 ||   251

Table legend:
 A = Non-vault XP
 B = Vault XP
 C = Vault XP percentage of total XP
 D = Non-vault monster count
 E = Vault monster count
 F = Vault count percentage of total count
                 A         B        C        D         E       F
            +---------+---------+-------+---------+---------+-------
      Total |    8440 |    1827 |  17.8 |     162 |      27 |  14.3
            +---------+---------+-------+---------+---------+-------
        D:1 |      18 |       4 |  18.2 |       9 |       3 |  25.0
        D:2 |      24 |       0 |   0.0 |      11 |       0 |   0.0
        D:3 |     100 |       0 |   0.0 |      26 |       0 |   0.0
        D:4 |     106 |       0 |   0.0 |      10 |       0 |   0.0
        D:5 |     164 |       0 |   0.0 |       7 |       0 |   0.0
        D:6 |     471 |     244 |  34.1 |      13 |       2 |  13.3
        D:7 |    2068 |       0 |   0.0 |      40 |       0 |   0.0
        D:8 |    1285 |     358 |  21.8 |      13 |       1 |   7.1
        D:9 |    2968 |       8 |   0.3 |      27 |       4 |  12.9
       D:10 |    1236 |     966 |  43.9 |       6 |       6 |  50.0
    Ossuary |       0 |     247 | 100.0 |       0 |      11 | 100.0
            +---------+---------+-------+---------+---------+-------
